 Dungeon Crawl Stone Soup version 0.21-a0-221-gfe971b9 (webtiles) character file.

19 Goblin1989 the Sneak (level 2, 0/24 HPs)
             Began as a Demonspawn Assassin on Aug 24, 2017.
             Succumbed to an adder's poison
             ... on level 2 of the Dungeon.
             The game lasted 00:02:03 (756 turns).

Goblin1989 the Sneak (Demonspawn Assassin)           Turns: 756, Time: 00:02:04

Health: 0/24       AC:  7    Str: 11    XL:     2   Next: 55%
Magic:  2/2        EV: 11    Int: 12    God:
Gold:   32         SH:  0    Dex: 14    Spells: 1/1 levels left

rFire    . . .     SeeInvis .   a - +2 dagger
rCold    + . .     Gourm    .   (no shield)
rNeg     . . .     Faith    .   E - +0 robe
rPois    .         Spirit   .   z - +2 helmet
rElec    .         Reflect  .   d - +0 cloak
rCorr    .         Harm     .   (no gloves)
MR       .....                  (no boots)
Stlth    ++........             (no amulet)
HPRegen  0.08/turn              c - ring of protection from cold
MPRegen  0.08/turn              (no ring)

@: lethally poisoned (0 -> -4), very slightly contaminated, invisible
A: rugged brown scales 1
a: no special abilities


You were on level 2 of the Dungeon.
You were not hungry.

You visited 1 branch of the dungeon, and saw 2 of its levels.

You collected 32 gold pieces.

Inventory:

Hand Weapons
 a - a +2 dagger (weapon)
 w - a +0 blowgun {@w1}
Missiles
 f - 2 curare-tipped needles
 g - 8 poisoned needles
 B - 76 stones (quivered)
Armour
 d - a +0 cloak (worn)
 z - a +2 helmet (worn)
 E - a +0 robe (worn)
Jewellery
 c - a ring of protection from cold (left hand)
Scrolls
 y - 4 scrolls of identify {unknown}
 A - a scroll of fog {unknown}
 C - a scroll of teleportation {unknown}
 G - 2 scrolls of enchant armour {unknown}
Comestibles
 e - a bread ration {@e1}
 F - 2 chunks of flesh


   Skills:
 + Level 3.2 Fighting
 - Level 1.7 Short Blades
 - Level 1.7 Throwing
 - Level 0.8 Dodging
 - Level 3.6 Stealth


You had one spell level left.
You didn't know any spells.

Dungeon Overview and Level Annotations

Branches:
Dungeon (2/15)

Altars:


Innate Abilities, Weirdness & Mutations

You are partially covered in rugged brown scales. (AC +1, +3% HP)


Message History

The adder bites you but does no damage.
You miss the adder. The adder misses you. The kobold barely misses you.
You barely miss the adder. The adder closely misses you.
The kobold hits you but does no damage. The hobgoblin hits you.
You take 2 damage, and have 17/23 hp.
You hit the adder.
The adder is lightly wounded.
The adder bites you. The kobold barely misses you.
The hobgoblin barely misses you.
You take 4 damage, and have 13/23 hp.
You are too injured to fight recklessly!
You are too injured to fight recklessly!
You are too injured to fight recklessly!
You are too injured to fight recklessly!
You are too injured to fight recklessly!
You are too injured to fight recklessly!
You are too injured to fight recklessly!
You are too injured to fight recklessly!
You are too injured to fight recklessly!
You are too injured to fight recklessly!
You are too injured to fight recklessly!
You are too injured to fight recklessly!
You are too injured to fight recklessly!
You are too injured to fight recklessly!
You are too injured to fight recklessly!
You are too injured to fight recklessly!
You are too injured to fight recklessly!
You are too injured to fight recklessly!
You are too injured to fight recklessly!
You are too injured to fight recklessly!
You are too injured to fight recklessly!
You are too injured to fight recklessly!
You are too injured to fight recklessly!
You are too injured to fight recklessly!
Unknown command.
The kobold hits you. The adder bites you.
* * * LOW HITPOINT WARNING * * *
You take 4 damage, and have 9/23 hp.
Unknown command.
The adder barely misses you. The adder bites you.
* * * LOW HITPOINT WARNING * * *
You take 3 damage, and have 7/23 hp.
There is a stone staircase leading down here.
The adder misses you.
You miss the adder.
The adder is lightly wounded.
The adder closely misses you.
You hit the adder.
The adder is moderately wounded.
The adder closely misses you. The adder barely misses you.
You hit the adder.
The adder is heavily wounded.
The adder misses you.
You closely miss the adder.
The adder is heavily wounded.
The adder closely misses you.
You miss the adder.
The adder is heavily wounded.
The adder bites you but does no damage.
You miss the adder.
The adder is heavily wounded.
The adder barely misses you.
You hit the adder.
The adder is severely wounded.
The adder closely misses you. The adder bites you but does no damage.
You hit the adder.
The adder is severely wounded.
The adder bites you but does no damage.
You barely miss the adder.
The adder is heavily wounded.
The adder bites you.
* * * LOW HITPOINT WARNING * * *
You are lethally poisoned!
The adder poisons you!
You take 5 damage, and have 3/23 hp.
MASSIVE DAMAGE!!
You hit the adder.
The adder is severely wounded.
* * * LOW HITPOINT WARNING * * *
You feel sick. The adder barely misses you.
You take 1 damage, and have 2/23 hp.
You hit the adder.
You kill the adder!
Your Fighting skill increases to level 3!
It was a potion of invisibility.
You fade into invisibility!
* * * LOW HITPOINT WARNING * * *
You feel sick. The kobold barely misses you.
You are very lightly contaminated with residual magic.
You take 1 damage, and have 1/24 hp.
Unknown command.
You hit the kobold.
The kobold is severely wounded.
You hit the kobold.
You kill the kobold!
Unknown command.
You barely miss the hobgoblin.
The hobgoblin hits you but does no damage.
You completely miss the hobgoblin.
You die...

.█ █.......... .█
█.....█..█ .██████████
██ █........████
.█........█ █
█...........█
.█.█████.██ ██
█...........█ .█.█ █.█
.█ █...........█ .█.█
█.█ .█ █.)...██..███
.█.█ █.█
.███.....██...███.█÷█
█.█
......)..██..>.g@.█.██
█<█
....███████∆███████..██
███
......................█
......................█
.........██..██..██...█
..█.....████....████..█
..█.....██ ██..██ ██..█
..█......██ █..█ ██...█
█.......███..███....█


You could see a hobgoblin (wandering).

Vanquished Creatures
  An adder (D:2)
  2 goblins (D:1)
  2 hobgoblins
  A bat (D:2)
  2 frilled lizards (D:1)
  3 kobolds
11 creatures vanquished.

Notes
Turn   | Place    | Note
-------+----------+-------------------------------------------
     0 | D:1      | Goblin1989 the Demonspawn Assassin began the quest for the Orb.
     0 | D:1      | Reached XP level 1. HP: 16/16 MP: 1/1
   604 | D:2      | Gained mutation: You are partially covered in rugged brown scales. (AC +1, +3% HP) [demonic ancestry]
   604 | D:2      | Reached XP level 2. HP: 17/23 MP: 2/2
   752 | D:2      | HP: 1/24 [poisoned by an adder]
   756 | D:2      | Succumbed to an adder's poison

Vault maps used:
D:1:      eino_arrival_druids_welcome
D:2:      lemuel_coloured_pillars_altar, old_standard_altar,
          overflow_temple_1_default, palyth_stone_intersect

Skill      XL: |  1  2 |
---------------+-------+-----
Fighting       | 3 |  3.2
Short Blades   | |  1.7
Throwing       | |  1.7
Dodging        | |  0.8
Stealth        | |  3.6

Action                   || total
-------------------------++-------
Melee: Dagger            ||    42
  Use: Potion            ||     1
 Stab: Sleeping          ||     4
Armor: Robe              ||    13
Dodge: Dodged            ||    27

Table legend:
 A = Spawn XP
 B = Non-spawn XP
 C = Spawn XP percentage of total XP
 D = Spawn monster count
 E = Non-spawn monster count
 F = Spawn count percentage of total count
 G = Total turns spent on level
                    A         B        C        D         E        F      G
               +---------+---------+-------+---------+---------+-------+---------
         Total |       1 |      27 |   3.6 |       1 |      10 |   9.1 |   756
               +---------+---------+-------+---------+---------+-------+---------
           D:1 |       1 |       9 |  10.0 |       1 |       6 |  14.3 |   539
           D:2 |       0 |      18 |   0.0 |       0 |       4 |   0.0 |   217
               +---------+---------+-------+---------+---------+-------+---------

Vault maps used:
D:1:      eino_arrival_druids_welcome
D:2:      lemuel_coloured_pillars_altar, old_standard_altar,
          overflow_temple_1_default, palyth_stone_intersect
